 Dungeon Sprint DCSS version 0.18.1-6-gd335043 (webtiles) character file.

14314 Hipnos the Peltast (level 12, -15/84 HPs)
             Began as a Gargoyle Fighter on May 15, 2016.
             Was the Champion of Qazlal.
             Killed by the air
             ... invoked by a spriggan air mage
              (21 damage)
             ... in the Dungeon (Sprint V: "Ziggurat Sprint").
             The game lasted 00:14:41 (1191 turns).

Hipnos the Peltast (Gargoyle Fighter)               Turns: 1191, Time: 00:14:42

Health: -15/84     AC: 45    Str: 26    XL:     12   Next: 15%
Magic:  12/12      EV:  3    Int:  4    God:    Qazlal [******]
Gold:   0          SH: 42    Dex:  9    Spells: 0 memorised, 11 levels left

rFire  . . .     SeeInvis +     P - +6 shillelagh "Devastator" {shatter}
rCold  + + +     Gourm    .     Q - +15 Maxwell's patent armour {-Cast -Tele rElec MR+ rCorr}
rNeg   + + .     Faith    .     R - +18 shield of the gong {rElec rN+ MR+ EV-5}
rPois  ∞         Spirit   .     U - +1 helmet {SInv}
rElec  +         Dismiss  .     (no cloak)
rCorr  +         Reflect  .     (no gloves)
SustAt .         Harm     .     Z - +0 pair of boots {Fly}
MR     +++..     Rnd*Rage +     (no amulet)
Stlth  .......... NoTele   +    c - ring of Eternal Night {rPois rC+++ MR+ Int-4} NoCast +
                                W - ring of protection from cold

@: flying, repel missiles, extremely resistant to hostile enchantments,
extremely unstealthy
A: berserk 1, deterioration 1, negative energy resistance 1, electricity
resistance, unbreathing, petrification resistance, rot immunity, AC +8
a: Upheaval, Elemental Force, Disaster Area, Renounce Religion, Stop Flying


You were in the Dungeon.
You worshipped Qazlal.
Qazlal was exalted by your worship.
You were hungry.

You visited 1 branch

Inventory:

Hand Weapons
 N - the cursed +13 Scythe of Curses {drain, *Curse}
   (You found it in the Dungeon)

   A truly terrible weapon, it drains the life of those it strikes.
   It may re-curse itself when equipped.
   It has a curse placed upon it.
 P - the +6 shillelagh "Devastator" (weapon) {shatter}
   (You found it in the Dungeon)
Armour
 l - a +5 crystal plate armour
 m - a +5 gold dragon armour
 Q - the +15 Maxwell's patent armour (worn) {-Cast -Tele rElec MR+ rCorr}
   (You found it in the Dungeon)

   It insulates you from electricity.
   It affects your resistance to hostile enchantments.
   It prevents spellcasting.
   It prevents most forms of teleportation.
   It protects you from acid and corrosion.
 R - the +18 shield of the gong (worn) {rElec rN+ MR+ EV-5}
   (You found it in the Dungeon)

   It affects your evasion (-5).
   It insulates you from electricity.
   It protects you from negative energy.
   It affects your resistance to hostile enchantments.
 U - a +1 helmet of see invisible (worn)
 Z - a +0 pair of boots of flying (worn)
Rods
 B - a +8 lightning rod (12/12)
   (You took it off a yaktaur in the Dungeon)
Jewellery
 a - an uncursed ring of protection from magic
 c - the ring of Eternal Night (right hand) {rPois rC+++ MR+ Int-4}
   (You found it in the Dungeon)

   [ring of poison resistance]

   It affects your intelligence (-4).
   It renders you almost immune to cold.
   It protects you from poison.
   It affects your resistance to hostile enchantments.
 K - a +6 ring of strength
 L - a +6 ring of strength
 M - an uncursed ring of flight
 W - a ring of protection from cold (left hand)
 X - an uncursed ring of protection from cold
Wands
 y - a wand of disintegration (7/24)
 D - a wand of iceblast (5/15)
 E - a wand of lightning (5/15)
 F - a wand of acid (5/15)
Scrolls
 b - a scroll of brand weapon
 k - 4 scrolls of blinking
 q - 4 scrolls of amnesia
 r - 3 scrolls of recharging
 s - 7 scrolls of fog
 t - a scroll of holy word
 u - 5 scrolls of identify
 v - 5 scrolls of remove curse
 w - 2 scrolls of fear
Potions
 d - 6 potions of might
 e - 10 potions of curing
 g - 9 potions of heal wounds
 h - 6 potions of haste
 i - 7 potions of magic
 j - 3 potions of berserk rage
 x - 2 potions of brilliance
 z - 2 potions of invisibility
 A - 4 potions of resistance
 C - 5 potions of agility
Books
 n - a book of Geomancy

   Spells                             Type                      Level
   a - Sandblast                      Earth                        1
   b - Passwall                       Transmutation/Earth          2
   c - Stone Arrow                    Conjuration/Earth            3
   d - Petrify                        Transmutation/Earth          4
   e - Lee's Rapid Deconstruction     Earth                        5
 S - a book of Maledictions

   Spells                             Type                      Level
   a - Corona                         Hexes                        1
   b - Ensorcelled Hibernation        Hexes/Ice                    2
   c - Confuse                        Hexes                        3
   d - Tukima's Dance                 Hexes                        3
   e - Dazzling Spray                 Conjuration/Hexes            3
 T - the Disquisition on Burning Cold
   (You found it in the Dungeon)

   Spells                             Type                      Level
   a - Throw Frost                    Conjuration/Ice              2
   b - Ozocubu's Armour               Charms/Ice                   3
   c - Ignite Poison                  Fire/Transmutation/Poison    3
   d - Throw Icicle                   Conjuration/Ice              4
 V - a book of Clouds

   Spells                             Type                      Level
   a - Mephitic Cloud                 Conjuration/Poison/Air       3
   b - Conjure Flame                  Conjuration/Fire             3
   c - Poisonous Cloud                Conjuration/Poison/Air       6
   d - Freezing Cloud                 Conjuration/Ice/Air          6
   e - Ring of Flames                 Charms/Fire                  7
Miscellaneous
 Y - an ornate deck of war
Comestibles
 f - 5 bread rations
 o - 41 fruits
 p - 4 meat rations


   Skills:
 + Level 13.5 Fighting
 * Level 13.6 Maces & Flails
 + Level 16.0 Armour
 + Level 19.5 Shields


You had 11 spell levels left.
You didn't know any spells.

Dungeon Overview and Level Annotations

Branches:
Dungeon (1/1)

Altars:
Ashenzari
Cheibriados
Dithmenos
Elyvilon
Fedhas
Gozag
Kikubaaqudgha
Makhleb
Nemelex Xobeh
Okawaru
Pakellas
Qazlal
Ru
Sif Muna
Trog
Vehumet
Xom
Yredelemnul
Zin
The Shining One
Beogh
Jiyva
Lugonu


Innate Abilities, Weirdness & Mutations

You are resistant to torment.
Your stone body is resilient (AC +8).
You are immune to poison.
You resist negative energy.
You are resistant to electric shocks.
You can survive without breathing.
You are immune to petrification.
You are immune to rotting.
You tend to lose your temper in combat.
Your body sometimes deteriorates upon taking damage.


Message History

The wind drake is engulfed in freezing vapours.
The wind drake flaps its wings at you.
The air twists around and violently strikes you in flight!
* * * LOW HITPOINT WARNING * * *
Drink which item? (? for menu, Esc to quit)
You feel much better.
The spriggan air mage waves its arms in wide circles.
The air twists around and violently strikes you in flight!
* * * LOW HITPOINT WARNING * * *
The spriggan berserker prays to Trog.
The death yak goes berserk!
The thorn hunter fires a volley of thorns at you.
You block the volley of thorns.
GONNNNG!
The spriggan berserker rages.
You block the wind drake's attack.
GONNNNG!
The spriggan air mage waves its arms in wide circles.
The air twists around and violently strikes you in flight!
You die...

▓▓▓▓▓▓▓▓▓▓▓▓
▓...8©8...▓...8©8...▓.
▓..})|)):.▓..§§)§§..▓.
▓..}:[))..▓...}}|)..▓.
▓.....Yi..▓......§.§▓.
▓...iYi...▓.........▓.
▓..ifi§fP.▓.........▓.
▓.§skiPPPP▓....††...▓.
▓..▓i@§▓..▓.........▓.
▓...§..§..▓.▓.....▓.▓.
▓...§§§...▓.........▓▓
▓▓▓▓▓▓▓▓▓▓▓▓▓▓▓▓▓▓▓▓▓


You could see 2 thorn hunters, 2 death yaks, a spriggan defender, a wind drake,
a wolf spider, 3 spriggan berserkers and 3 spriggan air magi.

Vanquished Creatures
  A tentacled starspawn (D)
  A very ugly thing (D)
  A mummy priest (D)
  2 centaur warriors (D)
  A hell hog (D)
  A hell hog (shapeshifter) (D)
  A death scarab (D)
  A large abomination (D)
  An anubis guard (shapeshifter) (D)
  3 ugly things (D)
  A mana viper (shapeshifter) (D)
  2 deep elf magi (D)
  A shining eye (D)
  2 naga magi (D)
  An eye of devastation (D)
  A rime drake (shapeshifter) (D)
  3 yaktaurs (D)
  A slime creature (D)
  A raiju (shapeshifter) (D)
  4 starcursed masses (D)
  A ynoxinul (D)
  An air elemental (D)
  A neqoxec (D)
  A golden eye (D)
  A swamp worm (shapeshifter) (D)
  A water moccasin (shapeshifter) (D)
  A water moccasin (D)
  A centaur (D)
  An earth elemental (D)
  A scorpion (shapeshifter) (D)
  A howler monkey (shapeshifter) (D)
  5 jellies (D)
  3 quasits (D)
  An iron imp (D)
  5 mummies (D)
  2 adders (D)
  4 shadow imps (D)
  3 oozes (D)
  3 ball pythons (D)
  3 briar patches (D)
70 creatures vanquished.

Vanquished Creatures (others)
  2 spatial maelstroms (D)
  3 briar patches (D)
  2 starspawn tentacles (D)
7 creatures vanquished.

Grand Total: 77 creatures vanquished

Notes
Turn   | Place    | Note
--------------------------------------------------------------
     0 | D        | Hipnos the Gargoyle Fighter began the quest for the Orb.
     0 | D        | Reached XP level 1. HP: 14/14 MP: 1/1
     2 | D        | Became a worshipper of Qazlal Stormbringer
     6 | D        | Banished a spatial maelstrom
    18 | D        | Found an iron altar of Okawaru.
    18 | D        | Found a radiant altar of Vehumet.
    18 | D        | Found a shimmering altar of Xom.
    18 | D        | Found a burning altar of Makhleb.
    18 | D        | Found a deep blue altar of Sif Muna.
    18 | D        | Banished a spatial maelstrom
    35 | D        | Found a bloodstained altar of Trog.
    36 | D        | Found a corrupted altar of Lugonu.
    36 | D        | Found a roughly hewn altar of Beogh.
    36 | D        | Found a white marble altar of Elyvilon.
    36 | D        | Found a viscous altar of Jiyva.
    36 | D        | Found a sparkling altar of Nemelex Xobeh.
    95 | D        | Reached skill level 5 in Fighting
    95 | D        | Reached skill level 5 in Armour
    95 | D        | Reached skill level 5 in Shields
    95 | D        | Reached XP level 2. HP: 21/21 MP: 2/2
   100 | D        | Entered arena 1.
   115 | D        | Entered arena 2.
   115 | D        | Noticed a golden eye
   118 | D        | Killed a golden eye
   118 | D        | Reached * piety under Qazlal
   118 | D        | Reached skill level 7 in Shields
   118 | D        | Reached XP level 3. HP: 28/28 MP: 3/3
   118 | D        | Reached XP level 4. HP: 34/34 MP: 4/4
   118 | D        | Reached XP level 5. HP: 38/38 MP: 5/5
   119 | D        | Reached skill level 5 in Maces & Flails
   130 | D        | Identified the Disquisition on Burning Cold (You found it in the Dungeon)
   132 | D        | Entered arena 3.
   132 | D        | Noticed a hell hog
   137 | D        | Reached ** piety under Qazlal
   137 | D        | Reached skill level 8 in Shields
   137 | D        | Reached XP level 6. HP: 41/44 MP: 6/6
   143 | D        | Killed a hell hog
   143 | D        | Reached *** piety under Qazlal
   143 | D        | Reached skill level 10 in Fighting
   143 | D        | Reached skill level 10 in Armour
   143 | D        | Reached skill level 10 in Shields
   143 | D        | Reached XP level 7. HP: 11/52 MP: 7/7
   447 | D        | Entered arena 4.
   447 | D        | Noticed a deep elf mage
   447 | D        | Noticed an air elemental
   447 | D        | Noticed a deep elf mage
   450 | D        | Noticed an orange demon
   453 | D        | Killed an air elemental
   453 | D        | Reached skill level 11 in Shields
   453 | D        | Reached XP level 8. HP: 27/58 MP: 8/8
   455 | D        | Noticed a soul eater
   459 | D        | Killed a deep elf mage
   459 | D        | Reached skill level 12 in Shields
   462 | D        | Killed a deep elf mage
   462 | D        | Reached XP level 9. HP: 22/64 MP: 9/9
   677 | D        | Entered arena 5.
   677 | D        | Noticed a rime drake
   677 | D        | Noticed a green ugly thing
   684 | D        | Killed a rime drake
   684 | D        | Reached skill level 13 in Shields
   684 | D        | Killed a green ugly thing
   684 | D        | Reached **** piety under Qazlal
   770 | D        | Entered arena 6.
   770 | D        | Noticed a centaur warrior
   770 | D        | Noticed a yaktaur
   770 | D        | Noticed a yaktaur
   770 | D        | Noticed a yaktaur
   770 | D        | Noticed a centaur warrior
   771 | D        | Identified the +11 lajatang of Ginn {slice, *Drain +Rage Str-4 Stlth+}
   775 | D        | Killed a centaur warrior
   775 | D        | Reached skill level 14 in Shields
   775 | D        | Reached XP level 10. HP: 67/71 MP: 10/10
   777 | D        | Killed a centaur warrior
   777 | D        | Reached ***** piety under Qazlal
   777 | D        | Reached skill level 10 in Maces & Flails
   779 | D        | Reached skill level 15 in Shields
   802 | D        | Entered arena 7.
   802 | D        | Noticed a naga mage
   802 | D        | Noticed a naga mage
   808 | D        | Reached ****** piety under Qazlal
   811 | D        | Killed a naga mage
   811 | D        | Killed a naga mage
   823 | D        | Entered arena 8.
   823 | D        | Noticed a mummy priest
   823 | D        | Noticed a death scarab
   827 | D        | Noticed a rust devil
   834 | D        | Noticed an orange demon
   834 | D        | Noticed an orange demon
   841 | D        | Killed a death scarab
   841 | D        | Reached skill level 16 in Shields
   846 | D        | Noticed a flayed ghost
   846 | D        | Killed a mummy priest
   846 | D        | Reached XP level 11. HP: 60/76 MP: 11/11
   897 | D        | Entered arena 9.
  1034 | D        | Entered arena 10.
  1034 | D        | Noticed a tentacled starspawn
  1034 | D        | Noticed a large abomination
  1034 | D        | Noticed a starcursed mass
  1040 | D        | Killed a large abomination
  1040 | D        | Reached skill level 17 in Shields
  1040 | D        | Killed a tentacled starspawn
  1040 | D        | Reached skill level 15 in Armour
  1047 | D        | Killed a starcursed mass
  1047 | D        | Reached skill level 18 in Shields
  1050 | D        | Killed a starcursed mass
  1054 | D        | Got the ring of Eternal Night {rPois rC+++ MR+ Int-4}
  1145 | D        | Entered arena 11.
  1145 | D        | Noticed a shining eye
  1145 | D        | Noticed a purple very ugly thing
  1146 | D        | Noticed a cyan ugly thing
  1146 | D        | Noticed a green ugly thing
  1147 | D        | Noticed a sea snake
  1147 | D        | Noticed a giant orange brain
  1147 | D        | a swamp worm changed into a giant orange brain
  1148 | D        | Noticed a moth of wrath
  1148 | D        | a sea snake changed into a moth of wrath
  1151 | D        | Noticed a sea snake
  1151 | D        | a giant orange brain changed into a sea snake
  1151 | D        | Noticed a deep troll
  1151 | D        | a slime creature changed into a deep troll
  1153 | D        | Killed a purple very ugly thing
  1153 | D        | Noticed a faun
  1153 | D        | a moth of wrath changed into a faun
  1153 | D        | Noticed a mana viper
  1153 | D        | an eye of devastation changed into a mana viper
  1154 | D        | a faun changed into a torpor snail
  1154 | D        | a deep troll changed into a swamp worm
  1155 | D        | Killed a green ugly thing
  1155 | D        | Gained mutation: You tend to lose your temper in combat. [a neqoxec]
  1156 | D        | Noticed a sea snake
  1156 | D        | a torpor snail changed into a sea snake
  1156 | D        | Noticed a ghost crab
  1156 | D        | a sea snake changed into a ghost crab
  1157 | D        | Killed a cyan ugly thing
  1158 | D        | Gained mutation: Your body sometimes deteriorates upon taking damage. [a shining eye]
  1159 | D        | Killed a mana viper
  1159 | D        | Reached skill level 19 in Shields
  1159 | D        | Noticed an anubis guard
  1159 | D        | a ghost crab changed into an anubis guard
  1160 | D        | Noticed a hell hog
  1160 | D        | a sea snake changed into a hell hog
  1164 | D        | Killed a shining eye
  1164 | D        | Reached XP level 12. HP: 83/84 MP: 12/12
  1165 | D        | Killed a hell hog
  1184 | D        | Entered arena 12.
  1184 | D        | Noticed a spriggan air mage
  1184 | D        | Noticed a thorn hunter
  1184 | D        | Noticed a thorn hunter
  1184 | D        | Noticed a spriggan berserker
  1185 | D        | Noticed a spriggan air mage
  1185 | D        | Noticed a spriggan defender
  1185 | D        | Noticed a spriggan berserker
  1186 | D        | Noticed a spriggan berserker
  1186 | D        | Noticed a spriggan air mage
  1191 | D        | Noticed a death yak
  1191 | D        | Killed from afar by a spriggan air mage

Skill      XL: |  1  2  3  4  5  6  7  8  9 10 11 12 |
---------------+-------------------------------------+-----
Fighting       | 5 7 8 10 11 12 13 | 13.5
Maces & Flails | 4 5 6 7 9 11 13 | 13.6
Armour         | 5 7 8 10 12 13 14 15 16 | 16.0
Shields        | 5 7 8 10 11 12 14 16 19 | 19.5

Action                   |  1- 3 |  4- 6 |  7- 9 | 10-12 || total
-------------------------+-------+-------+-------+-------++-------
Melee: Shillelagh        |     4 |    12 |    27 |    78 ||   121
  Use: Potion            |     1 |       |       |     1 ||     2
       Scroll            |       |       |       |     1 ||     1
  Eat: Fruit             |       |       |       |     1 ||     1
       Chunk             |       |       |       |     1 ||     1
Armor: Plate armour      |     2 |     9 |    12 |    36 ||    59
Dodge: Dodged            |       |       |     2 |     2 ||     4
Block: Shield            |     3 |    21 |    58 |   124 ||   206
